 Dungeon Crawl Stone Soup version 0.27-a0-417-g317cea8a3c (webtiles) character file.

Game seed: 10109003645258508315

1690 dolemite99 the Carver (level 8, -2/64 HPs)
             Began as a Minotaur Abyssal Knight on Feb 26, 2021.
             Was an Elder of Lugonu.
             Slain by an eight-headed hydra (4 damage)
             ... on level 7 of the Dungeon.
             The game lasted 00:06:28 (7942 turns).

dolemite99 the Carver (Minotaur Abyssal Knight)     Turns: 7942, Time: 00:06:28

Health: -2/64      AC:  9    Str: 19    XL:     8   Next: 72%
Magic:  12/12      EV:  7    Int:  9    God:    Lugonu [****..]
Gold:   285        SH:  0    Dex: 10    Spells: 7/7 levels left

rFire    . . .     SeeInvis .   b - +0 dagger (elec)
rCold    . . .     Faith    .   (no shield)
rNeg     . . .     Spirit   .   x - +0 chain mail
rPois    .         Reflect  .   (helmet restricted)
rElec    .         Harm     .   (no cloak)
rCorr    .         Rampage  .   (no gloves)
Will     .....                  q - +0 pair of boots
Stlth    ..........             (no amulet)
HPRegen  0.20/turn              (no ring)
MPRegen  0.13/turn              (no ring)

@: very slightly contaminated, invisible
A: retaliatory headbutt, horns 2
a: Renounce Religion, Depart the Abyss, Bend Space, Banish, Corrupt


You were on level 7 of the Dungeon.
You worshipped Lugonu.
Lugonu was greatly pleased with you.
You visited 1 branch of the dungeon, and saw 7 of its levels.
You visited the Abyss 1 time.

You collected 285 gold pieces.

Inventory:

Hand Weapons
 a - a +2 scimitar
 b - a +0 dagger of electrocution (weapon)
 u - a +1 falchion
Missiles
 d - 6 curare-tipped darts
 r - 252 stones
 z - 47 sling bullets
 F - 58 bolts
Armour
 c - a +0 ring mail
 g - a +0 helmet
 j - a +0 scale mail
 q - a +0 pair of boots (worn)
 x - a +0 chain mail (worn)
 G - a +0 leather armour
Jewellery
 l - a ring of protection from cold
Wands
 w - a wand of flame (11)
 A - a wand of digging (2)
Scrolls
 i - 5 scrolls of teleportation
 k - a scroll of fear {unknown}
 m - 3 scrolls of random uselessness {unknown}
 t - 3 scrolls of enchant armour {unknown}
 y - a scroll of amnesia {unknown}
 D - a scroll of identify {@r1}
Potions
 e - 2 potions of ambrosia
 f - a potion of degeneration {unknown}
 h - 2 potions of mutation {unknown}
 n - 2 potions of haste
 o - 5 potions of curing
 p - a potion of lignification {unknown}
 s - a potion of invisibility
 v - 2 potions of cancellation {unknown}
 B - 2 potions of flight
 C - 2 potions of berserk rage {unknown}
 E - 2 potions of brilliance {unknown}
 H - a potion of heal wounds {unknown}


   Skills:
 - Level 3.6 Fighting
 + Level 10.4 Long Blades
 - Level 2.4 Armour
 - Level 1.1 Dodging
 - Level 7.3 Invocations


You had 7 spell levels left.
You didn't know any spells.
Your spell library contained the following spells:

 Spells                   Type           Power        Failure   Level
 Corona                   Hex            0%           99%         1
 Magic Dart               Conj           0%           99%         1
 Ensorcelled Hibernation  Hex/Ice        0%           100%        2
 Searing Ray              Conj           0%           100%        2
 Confusing Touch          Hex            0%           100%        3
 Dazzling Flash           Conj/Hex       0%           100%        3
 Tukima's Dance           Hex            0%           100%        3
 Fulminant Prism          Conj/Hex       0%           100%        4
 Iskenderun's Mystic Bla  Conj/Tloc      0%           100%        4


Dungeon Overview and Level Annotations

Branches:
Dungeon (7/15)
 Temple: D:4-7

Altars:
Cheibriados
Elyvilon
Nemelex Xobeh
Vehumet
Wu Jian
Xom
The Shining One

Shops:
D:5 :

Annotations:
D:7 1 runed translucent door, Crazy Yiuf


Innate Abilities, Weirdness & Mutations

You reflexively headbutt those who attack you in melee.
You have a pair of horns on your head.


Message History

Things that are here:
a +0 shortbow; 25 arrows; a centaur corpse You start resting.
HP restored.
You now have 276 gold pieces (gained 12).
r - 252 stones (gained 21)
Found a mace.
D - a scroll of identify {@r1} You now have 285 gold pieces (gained 9).
Found a mace.
Found a runed translucent door.
Crazy Yiuf shouts!
An eight-headed hydra comes into view.
The eight-headed hydra roars!
You fade into invisibility!
You are very lightly contaminated with residual magic.
You hear the crackle of electricity.
b - a +0 dagger of electrocution (weapon)
You hit the eight-headed hydra.
Your headbutt misses the eight-headed hydra.
The eight-headed hydra is lightly wounded.
The eight-headed hydra bites you. The eight-headed hydra bites you!
The eight-headed hydra bites you but does no damage.
The eight-headed hydra completely misses you.
The eight-headed hydra barely misses you.
The eight-headed hydra bites you. x2; The eight-headed hydra bites you!
You catch the helpless eight-headed hydra completely off-guard!
You puncture the eight-headed hydra! You headbutt the eight-headed hydra.
The eight-headed hydra is moderately wounded.
You hit the eight-headed hydra.
You headbutt the eight-headed hydra, but do no damage.
The eight-headed hydra is moderately wounded.
The eight-headed hydra bites you! The eight-headed hydra bites you.
* * * LOW HITPOINT WARNING * * *
The eight-headed hydra bites you!
* * * LOW HITPOINT WARNING * * *
The eight-headed hydra bites you.
* * * LOW HITPOINT WARNING * * *
The eight-headed hydra bites you but does no damage.
The eight-headed hydra bites you.
You die...

#.....<...<......#
#####..............#
#..................#
#......####..#######
#.....)# #..#
#......# #..#######
#......#
#.#....#.### ###
#......#
#...D...#..##...#
#......#
#...)@.####.+...#
#......# ##....##
###..)# ########
###### ###


You could see an eight-headed hydra.

Vanquished Creatures
  Eustachio (D:4)
  A water moccasin (D:5)
  2 sky beasts
  2 ogres
  A phantom (D:6)
  3 centaurs
  2 bullfrogs (D:6)
  Blork the orc (D:4)
  2 hounds (D:6)
  A jelly (D:6)
  2 iguanas
  3 orc wizards
  4 worker ants
  3 worker ant zombies
  4 gnolls (D:6)
  5 adders
  A white imp (D:6)
  2 oozes
  5 worms
  3 dart slugs
  5 leopard geckos
  26 orcs
  3 ball pythons
  5 giant cockroaches
  10 goblins
  7 hobgoblins
  11 jackals
  5 bats
  5 frilled lizards
  4 kobolds
  11 rats
140 creatures vanquished.

Notes
Turn   | Place    | Note
-------+----------+-------------------------------------------
     0 | Abyss:1  | dolemite99 the Minotaur Abyssal Knight began the quest for
                  | the Orb.
     0 | Abyss:1  | Reached XP level 1. HP: 19/19 MP: 1/1
     2 | Abyss:1  | Found a hide-covered altar of Uskayaw.
    30 | Abyss:1  | Found a hide-covered altar of Uskayaw.
    45 | D:1      | Escaped the Abyss
   209 | D:1      | Reached skill level 3 in Long Blades
   250 | D:1      | Reached XP level 2. HP: 26/26 MP: 2/2
   753 | D:1      | Reached skill level 4 in Long Blades
  1184 | D:2      | Reached XP level 3. HP: 31/31 MP: 3/3
  1238 | D:2      | Reached ** piety under Lugonu
  1285 | D:2      | Found a snail-covered altar of Cheibriados.
  1732 | D:2      | Reached skill level 5 in Long Blades
  1899 | D:2      | Reached XP level 4. HP: 33/39 MP: 4/4
  2164 | D:2      | Found a sparkling altar of Nemelex Xobeh.
  2211 | D:3      | Noticed an ogre
  2217 | D:3      | Killed an ogre
  2218 | D:3      | Reached skill level 6 in Long Blades
  2218 | D:3      | Reached XP level 5. HP: 25/45 MP: 5/5
  2638 | D:3      | Found a glowing golden altar of the Shining One.
  2716 | D:3      | Reached skill level 7 in Long Blades
  2966 | D:3      | Reached *** piety under Lugonu
  3058 | D:3      | Found a white marble altar of Elyvilon.
  3179 | D:4      | Noticed Blork the orc
  3195 | D:4      | Killed Blork the orc
  3196 | D:4      | Reached XP level 6. HP: 26/51 MP: 6/6
  3374 | D:4      | Found an ornate altar of the Wu Jian Council.
  3375 | D:4      | Noticed Eustachio
  3412 | D:4      | Killed Eustachio
  3413 | D:4      | Reached skill level 8 in Long Blades
  4856 | D:5      | Entered Level 5 of the Dungeon
  4870 | D:5      | Reached XP level 7. HP: 36/57 MP: 6/8
  5003 | D:5      | Found Otuzim's Book Emporium.
  5003 | D:5      | Found a shimmering altar of Xom.
  5636 | D:5      | Reached skill level 5 in Invocations
  5656 | D:5      | Found a radiant altar of Vehumet.
  5972 | D:6      | Reached XP level 8. HP: 62/64 MP: 11/11
  6497 | D:6      | Reached **** piety under Lugonu
  6755 | D:6      | Reached skill level 9 in Long Blades
  7596 | D:6      | Reached skill level 10 in Long Blades
  7924 | D:7      | Found a runed translucent door.
  7925 | D:7      | Noticed Crazy Yiuf
  7935 | D:7      | Noticed an eight-headed hydra
  7942 | D:7      | HP: 2/64 [eight-headed hydra (6)]
  7942 | D:7      | Slain by an eight-headed hydra

Illustrated notes

Levels and vault maps discovered:
D:1:      lightli_arrival_lavapool, layout_basic
D:2:      layout_loops_ring, lemuel_crystal_altar, lemuel_round_altar,
          kennysheep_generic_room_3
D:3:      layout_loops_cross, lemuel_doored_altar, elyvilon_altar_5
D:4:      layout_basic, nzn_wu_jian_contemplation, uniq_blork_the_orc,
          uniq_eustachio
D:5:      kennysheep_six_static_rooms, layout_rooms, kennysheep_little_box,
          serial_corexii_hall, corexii_hall_statues_deadend,
          corexii_hall_statues_x, corexii_hall_statues_i,
          corexii_hall_statues_s, basic_altar, serial_shops, shop
D:6:      layout_rooms, minmay_misc_feat_room, kennysheep_generic_room_5
D:7:      minmay_the_grid_four_pointed_star
          [minmay_the_grid_triangle_9x9_sparse_checkered,
          minmay_the_grid_triangle_9x9_skeleton,
          minmay_the_grid_triangle_9x9_checkered,
          minmay_the_grid_triangle_9x9_wacky_v,
          minmay_the_grid_prize_trominoes], layout_basic,
          minmay_temple_entry_poolview, chequers_serial_rivers_large_b,
          uniq_crazy_yiuf_cottage

Skill      XL: |  1  2  3  4  5  6  7  8 |
---------------+-------------------------+-----
Long Blades    | 3 4 5 6 7 8 10 | 10.4
Invocations    | 3 6 7 |  7.3
Fighting       | |  3.6
Armour         | |  2.4
Dodging        | |  1.1

Action                   |  1- 3 |  4- 6 |  7- 9 || total
-------------------------+-------+-------+-------++-------
Melee: Falchion          |    95 |    93 |       ||   188
       Headbutt          |    15 |    32 |    32 ||    79
       Scimitar          |       |    48 |    80 ||   128
       Dagger            |       |       |    95 ||    95
  Use: Scroll            |       |     8 |     1 ||     9
       Potion            |       |       |     1 ||     1
 Stab: Invisible         |       |       |     1 ||     1
Armor: Ring mail         |    22 |       |       ||    22
       Scale mail        |    28 |    40 |       ||    68
       Chain mail        |       |    72 |    87 ||   159
Dodge: Dodged            |    36 |    78 |    65 ||   179
       Rpst.: Falchion   |     8 |     9 |       ||    17
       Scimitar          |       |    17 |     7 ||    24

Table legend: (Time is in decaauts)
 A = Elapsed time spent in this place.
 B = Non-inter-level travel time spent in this place.
 C = Inter-level travel time spent in this place.
 D = Time resting spent in this place.
 E = Time spent auto-exploring this place.
 F = Levels seen in this place.
 G = Mean time per level.
                   A        B        C        D        E       F      G
               +--------+--------+--------+--------+--------+-----+--------+
         Total |   7917 |   7804 |    113 |   3263 |   3378 |   8 |  989.6 |
       Dungeon |   7872 |   7759 |    113 |   3263 |   3353 |   7 | 1124.6 |
         Abyss |     45 |     45 |      0 |      0 |     25 |   1 |   45.0 |
               +--------+--------+--------+--------+--------+-----+--------+

Top non-repeatable levels by time:
     D:6: 1816 daAuts
     D:4: 1681 daAuts
     D:2: 1279 daAuts
     D:1: 1087 daAuts
     D:5: 1076 daAuts
     D:3: 768 daAuts
     D:7: 163 daAuts
 Abyss:1: 45 daAuts
